 Dungeon Crawl Stone Soup version 0.28-a0-94-g325244837d (webtiles) character file.

Game seed: 967458838130579890

151 Leeroy the Ducker (level 5, -25/38 HPs)
             Began as a Djinni Warper on Aug 7, 2021.
             Annihilated by an ogre (29 damage)
             ... on level 5 of the Dungeon.
             The game lasted 00:06:08 (4300 turns).

Leeroy the Ducker (Djinni Warper)                   Turns: 4300, Time: 00:06:09

Health: -25/38     AC:  4    Str: 10    XL:     5   Next: 60%
Gold:   90         EV: 12    Int: 16    God:
                   SH:  0    Dex: 12

rFire   + + .      SeeInvis .   o - +2 short sword (holy)
rCold   x . .      Faith    .   (no shield)
rNeg    . . .      Spirit   .   b - +0 leather armour
rPois   ∞          Reflect  .   l - +1 hat
rElec   .          Harm     .   (no cloak)
rCorr   .          Rampage  .   (no gloves)
Will    .....                   (boots unavailable)
Stlth   +.........              (no amulet)
HPRegen 0.12/turn               (no ring)
MPRegen 0.00/turn               (no ring)

@: weak-willed, flying
A: sickness immunity, fire resistance 2, cold vulnerability 1, float, innate
caster, hp casting, extra vitality 1
a: no special abilities


You were on level 5 of the Dungeon.
You visited 1 branch of the dungeon, and saw 5 of its levels.

You collected 90 gold pieces.

Inventory:

Hand Weapons
 a - a +0 falchion
 o - a +2 short sword of holy wrath (weapon)
 r - a +0 long sword
Missiles
 d - 5 boomerangs of dispersal
 p - 4 boomerangs (quivered)
Armour
 b - a +0 leather armour (worn)
 l - a +1 hat (worn)
Jewellery
 g - a +4 ring of protection
 n - a ring of fire
Scrolls
 f - a scroll of immolation {unknown}
 h - a scroll of noise {unknown}
 k - a scroll of vulnerability
Potions
 e - 2 potions of heal wounds {unknown}
 i - a potion of flight
 j - a potion of invisibility {unknown}
 m - a potion of haste {unknown}
 q - a potion of mutation {unknown}


   Skills:
 - Level 2.0 Fighting
 - Level 3.7 Long Blades
 - Level 0.7 Throwing
 - Level 1.0 Armour
 + Level 4.2 Dodging
 - Level 2.4 Spellcasting


You couldn't memorise any spells.
You knew the following spells:

 Your Spells              Type           Power      Damage    Failure   Level
a - Blink                 Tloc           N/A        N/A       16%         2
b - Lesser Beckoning      Tloc           4%         N/A       30%         3
c - Gell's Gravitas       Tloc           4%         N/A       30%         3
d - Teleport Other        Tloc           9%         N/A       30%         3
e - Manifold Assault      Tloc           9%         N/A       95%         5
f - Apportation           Tloc           18%        N/A       10%         1
g - Searing Ray           Conj           18%        3d3       16%         2
Your spell library was empty.

Dungeon Overview and Level Annotations

Branches:
Dungeon (5/15)
 Temple: D:4-7

Altars:


Innate Abilities, Weirdness & Mutations

You are immune to sickness and miasma.
You are immune to poison.
Your flesh is very heat resistant. (rF++)
You are vulnerable to cold. (rC-)
You float through the air rather than walking.
You learn spells naturally, not from books.
Your magical power is your life essence.
You have superior vitality. (+4 HP)


Message History

Press: ? - help, Shift-Dir - straight line, f/p - ogre
Aim: an ogre, wielding a +0 giant club (lightly wounded, 89% to hit)
The searing ray hits the ogre.
The ogre is moderately wounded. (Press . to maintain the ray.)
The ogre hits you with a +0 giant club!
The searing ray hits the ogre.
The ogre is heavily wounded.
The ogre hits you with a +0 giant club!!
Ouch! That really hurt!
* * * LOW HITPOINT WARNING * * *
Things that are here:
a +0 club; 5 stones
There is an open door here.
There is an open door here.
You reach down and close the door.
There is an open door here.
There is a stone staircase leading down here.
You start resting.
An ogre is nearby!
You fly downwards.
The ogre closely misses you.
There is a stone staircase leading up here.
Casting: Searing Ray (safe; 16% risk of failure)
Confirm with . or Enter, or press ? or * to list all spells.
You blink.
* * * LOW HITPOINT WARNING * * *
A white imp comes into view.
The white imp shouts!
You hear a shout!
Found a spear.
As you read the scroll labelled EMAAPT ZICKAUB, it crumbles to dust.
Magic quickly surges around you.
It was a scroll of vulnerability.
The white imp gestures at you. The puff of frost misses you.
An orc wizard comes into view. It is wielding a +0 dagger.
It was a potion of flight.
You feel more buoyant.
The white imp summons a swarm of flies.
The ogre hits you with a +0 giant club!!
Ouch! That really hurt!
You die...

.............. ...
..............# ..(.
..............##....
....................
..................
......).........
..............#
....5.......<.#
.o.....@O...###
........##.##
...:.....<.#
...........#
.............
..........)....
.)...........###
..............
............#


You could see an ogre (weak-willed), an orc wizard and a white imp
(weak-willed).

Vanquished Creatures
  A centaur zombie (D:4)
  An iguana (D:4)
  A gnoll (D:2)
  An adder skeleton (D:2)
  2 worms (D:2)
  A dart slug (D:4)
  4 orcs
  5 bats
  7 endoplasms
  2 giant cockroaches
  7 goblins
  8 hobgoblins
  4 jackals
  A quokka (D:2)
  3 ball pythons
  4 frilled lizards
  7 kobolds
  7 rats
66 creatures vanquished.

Notes
Turn   | Place    | Note
-------+----------+-------------------------------------------
     0 | D:1      | Leeroy the Djinni Warper began the quest for the Orb.
     0 | D:1      | Reached XP level 1. HP: 18/18 MP: 0/0
    33 | D:1      | Reached XP level 2. HP: 19/23 MP: 0/0
  1038 | D:1      | Reached XP level 3. HP: 28/28 MP: 0/0
  1038 | D:1      | Learned a level 1 spell: Apportation
  1864 | D:2      | Reached XP level 4. HP: 19/33 MP: 0/0
  3668 | D:4      | Reached skill level 3 in Dodging
  3668 | D:4      | Reached XP level 5. HP: 27/38 MP: 0/0
  3668 | D:4      | Learned a level 2 spell: Searing Ray
  3875 | D:5      | Entered Level 5 of the Dungeon
  3875 | D:5      | Noticed an ogre
  3895 | D:4      | Reached skill level 4 in Dodging
  3895 | D:4      | HP: 1/38 [frozen (6)]
  4256 | D:4      | Noticed an ogre
  4300 | D:5      | Annihilated by an ogre

Illustrated notes

Levels and vault maps discovered:
D:1:      minmay_arrival_wavy_path, layout_basic
D:2:      layout_loops_ring, minmay_tromino_v4_c
D:3:      layout_loops_ring, minmay_goblin_outpost
D:4:      layout_gridville, gammafunk_temple_overflow_claw
D:5:      layout_rooms, grunt_qazlal_clouds,
          yredelemnul_forgotten_temple_becter, minmay_misc_feat_rows,
          uniq_sigmund, uniq_crazy_yiuf_cottage

Skill      XL: |  1  2  3  4  5 |
---------------+----------------+-----
Long Blades    | 2 3 |  3.7
Dodging        | 3 4 |  4.2
Fighting       | |  2.0
Throwing       | |  0.7
Armour         | |  1.0
Spellcasting   | |  2.4

Action                   |  1- 3 |  4- 6 || total
-------------------------+-------+-------++-------
Melee: Falchion          |   163 |    19 ||   182
       Short sword       |       |    70 ||    70
Throw: Boomerang         |       |     2 ||     2
 Cast: Searing Ray       |       |     4 ||     4
       Blink             |       |     1 ||     1
  Use: Scroll            |       |     2 ||     2
       Potion            |       |     1 ||     1
 Stab: Sleeping          |     3 |       ||     3
Armor: Leather armour    |    67 |    30 ||    97
Dodge: Dodged            |   104 |    71 ||   175
       Rpst.: Falchion   |    31 |     3 ||    34

Table legend: (Time is in decaauts)
 A = Elapsed time spent in this place.
 B = Non-inter-level travel time spent in this place.
 C = Inter-level travel time spent in this place.
 D = Time resting spent in this place.
 E = Time spent auto-exploring this place.
 F = Levels seen in this place.
 G = Mean time per level.
                   A        B        C        D        E       F      G
               +--------+--------+--------+--------+--------+-----+--------+
         Total |   4328 |   4069 |    259 |   1568 |   1932 |   5 |  865.6 |
       Dungeon |   4328 |   4069 |    259 |   1568 |   1932 |   5 |  865.6 |
               +--------+--------+--------+--------+--------+-----+--------+

Top non-repeatable levels by time:
     D:2: 1936 daAuts
     D:1: 1362 daAuts
     D:4: 829 daAuts
     D:3: 188 daAuts
     D:5: 11 daAuts
